 Dungeon Crawl Stone Soup version 0.23.2-33-g5129a83184 (webtiles) character file.

Game seed: 110323793123706778

3894 Folque the Destroyer (level 9, -5/64 HPs)
             Began as a Demigod Conjurer on July 28, 2019.
             Slain by a two-headed ogre
             ... wielding a cursed -2 dire flail
              (17 damage)
             ... on level 6 of the Dungeon.
             The game lasted 00:28:42 (10514 turns).

Folque the Destroyer (Demigod Conjurer)            Turns: 10514, Time: 00:28:42

Health: -5/64      AC: 10    Str: 13    XL:     9   Next: 68%
Magic:  1/19       EV: 11    Int: 23    God:
Gold:   377        SH:  0    Dex: 16    Spells: 2/16 levels left

rFire    . . .     SeeInvis .   J - +1 spear (pierce)
rCold    . . .     Gourm    .   (no shield)
rNeg     . . .     Faith    .   q - +2 scale mail {MR+}
rPois    .         Spirit   .   (no helmet)
rElec    .         Reflect  .   (no cloak)
rCorr    .         Harm     .   (no gloves)
MR       +....                  t - +0 pair of boots
Stlth    +.........             (no amulet)
HPRegen  0.20/turn              (no ring)
MPRegen  0.16/turn              (no ring)

@: no status effects
A: high mp 1
a: no special abilities


You were on level 6 of the Dungeon.
You were not hungry.

You visited 1 branch of the dungeon, and saw 8 of its levels.
You also visited: Sewer.

You collected 419 gold pieces.
You spent 42 gold pieces at shops.

Inventory:

Hand Weapons
 d - a +2 dagger of venom
 n - a +1 hand axe of venom
 r - a +0 dagger of speed
 J - a +1 spear of piercing (weapon)
Missiles
 l - a throwing net (quivered)
Armour
 a - a +0 robe
 j - a +0 buckler
 q - a +2 scale mail of magic resistance (worn)
 t - a +0 pair of boots (worn)
 F - a +0 ring mail
Jewellery
 i - an uncursed ring of protection from magic {unknown}
Wands
 h - a wand of clouds (6)
 u - a wand of digging (6)
 y - a wand of paralysis (2)
Scrolls
 b - 3 scrolls of teleportation
 e - a scroll of fear
 f - 3 scrolls of amnesia
 k - 2 scrolls of fog {unknown}
 o - a scroll of noise {unknown}
 s - 5 scrolls of identify
 A - 2 scrolls of enchant armour {unknown}
 G - 4 scrolls of remove curse
 H - a scroll of magic mapping
Potions
 g - a potion of resistance
 m - a potion of cancellation {unknown}
 p - a potion of lignification
 v - 2 potions of haste
 w - 2 potions of heal wounds
 z - a potion of magic
 B - a potion of might
 C - 2 potions of flight {unknown}
 D - 3 potions of brilliance {unknown}
 E - 5 potions of curing
Comestibles
 c - 13 rations


   Skills:
 - Level 1.3 Fighting
 * Level 5.6 Armour
 - Level 3.3 Dodging
 - Level 1.7 Stealth
 - Level 4.4 Spellcasting
 + Level 8.1 Conjurations
 - Level 6.0 Hexes
 + Level 3.8 Translocations


You had 2 spell levels left.
You knew the following spells:

 Your Spells              Type           Power        Failure   Level  Hunger
a - Magic Dart            Conj           ####         1%          1    None
b - Searing Ray           Conj           #####.       2%          2    None
c - Dazzling Spray        Conj/Hex       #####.       6%          3    ##.....
d - Fulminant Prism       Conj/Hex       #####.....   22%         4    ####...
e - Force Lance           Conj/Tloc      ####....     34%         4    ####...

Your spell library contained the following spells:

 Spells                   Type           Power        Failure   Level  Hunger
 Iskenderun's Mystic Bla  Conj           #####...     14%         4    ####...


Dungeon Overview and Level Annotations

Branches:
Dungeon (8/15)             Temple (0/1) D:7
   Lair: D:8-11

Shops:
D:6 !   D:7 :}%:


Innate Abilities, Weirdness & Mutations

You have an increased reservoir of magic. (+10% MP)


Message History

Aiming: Force Lance (quite dangerous; 34% risk of failure)
Press: ? - help, Shift-Dir - straight line, f/p - two-headed ogre
Aim: a two-headed ogre, wielding a -2 dire flail and a +0 giant club (lightly wounded)
The lance of force hits the two-headed ogre!!
The two-headed ogre is heavily wounded.
The two-headed ogre hits you with a cursed -2 dire flail!
The two-headed ogre hits you with a +0 giant club!!
* * * LOW HITPOINT WARNING * * *
You feel much better.
The two-headed ogre hits you with a cursed -2 dire flail!
The two-headed ogre hits you with a +0 giant club.
Evoke which item? (* to show all) (? for menu, Esc to quit)
Aiming: Paralyse
Press: ? - help, Shift-Dir - straight line, f/p - two-headed ogre
Aim: a two-headed ogre, wielding a -2 dire flail and a +0 giant club (heavily wounded, chance to defeat MR: 28%)
The two-headed ogre easily resists.
The two-headed ogre hits you with a cursed -2 dire flail!
* * * LOW HITPOINT WARNING * * *
The two-headed ogre hits you with a +0 giant club!
You die...

#........# #.# #.....# .....#####
#.# #.....# .(...#
#.############.....# .....#
#............'.....'
.....######################.....#
....)..<.......#..........'.....'
.............#.#.##########.....#
....[.######.#.#O# #######
......#........#@# #######
......#.#..#.###.#######.....#
#####.#.#..#.# #.............#
#.#.#..#.# #.............#
#.#.#..#.# #.............#
#.#.#..#.# #.#######.....#
#.#.#..#.# #.# #.....# #.#.#..#.#
#.# #.....# #.#.#..#.###.#
#.....#


You could see a two-headed ogre.

Vanquished Creatures
  Harold (D:6)
  2 hippogriffs (D:7)
  Sigmund (D:3)
  A spriggan (D:7)
  A hornet zombie (D:6)
  A phantom (D:4)
  An orc warrior (D:7)
  A sky beast (D:7)
  2 ice beasts
  3 ogres
  A centaur (D:7)
  A big kobold (Sewer)
  A gnoll sergeant (D:6)
  3 bullfrogs
  6 scorpions
  A jelly (D:6)
  A howler monkey (D:7)
  5 crimson imps
  2 hounds (D:6)
  3 orc wizards
  An orc priest (D:7)
  2 bullfrog skeletons
  2 iguanas
  Ijyb (D:4)
  4 worker ants
  3 hound skeletons
  A howler monkey zombie (D:7)
  11 adders
  9 gnolls
  2 river rats (Sewer)
  2 oozes
  2 worms (D:5)
  6 leopard geckos
  16 orcs
  8 giant cockroaches
  9 goblins
  12 hobgoblins
  3 jackals (D:3)
  26 kobolds
  2 quokkas
  5 ball pythons
  5 bats
  4 frilled lizards
  A giant cockroach zombie (D:5)
  A jackal skeleton (D:6)
  31 rats
207 creatures vanquished.

Vanquished Creatures (others)
  A worker ant (D:5)
  A gnoll (D:5)
  3 orcs (D:5)
  16 fulminant prisms
21 creatures vanquished.

Grand Total: 228 creatures vanquished

Notes
Turn   | Place    | Note
-------+----------+-------------------------------------------
     0 | D:1      | Folque the Demigod Conjurer began the quest for the Orb.
     0 | D:1      | Reached XP level 1. HP: 14/14 MP: 5/5
   381 | D:1      | Reached XP level 2. HP: 19/22 MP: 5/7
   388 | D:1      | Learned a level 2 spell: Searing Ray
  1139 | D:1      | Reached skill level 1 in Fighting
  1545 | D:2      | Reached XP level 3. HP: 28/28 MP: 5/9
  1553 | D:2      | Learned a level 3 spell: Dazzling Spray
  1717 | D:2      | Found a sparkling altar of Nemelex Xobeh.
  2197 | D:3      | Reached skill level 4 in Conjurations
  2457 | D:3      | Reached XP level 4. HP: 29/35 MP: 6/11
  2596 | D:3      | Noticed Sigmund
  2606 | D:3      | Killed Sigmund
  2606 | D:3      | Reached XP level 5. HP: 25/40 MP: 2/13
  2732 | D:3      | Learned a level 4 spell: Fulminant Prism
  3337 | D:4      | Reached XP level 6. HP: 37/47 MP: 6/14
  3586 | D:4      | Noticed Ijyb
  3587 | D:4      | Found an iron altar of Okawaru.
  3610 | D:4      | Paralysed by Ijyb for 6 turns
  3617 | D:4      | Killed Ijyb
  3808 | D:4      | Reached skill level 5 in Conjurations
  4182 | D:5      | Entered Level 5 of the Dungeon
  4192 | D:5      | Reached XP level 7. HP: 8/52 MP: 4/16
  4770 | D:5      | Found a glowing drain.
  4774 | Sewer    | Entered a sewer
  5495 | Sewer    | Reached skill level 5 in Hexes
  6501 | D:6      | Reached skill level 6 in Conjurations
  6501 | D:6      | Reached XP level 8. HP: 34/59 MP: 1/18
  6927 | D:6      | Found Feumeyzipy's Distillery.
  6934 | D:6      | Bought a potion of curing for 42 gold pieces
  7238 | D:6      | Reached skill level 7 in Conjurations
  7271 | D:6      | Learned a level 4 spell: Force Lance
  7380 | D:6      | Reached skill level 1 in Armour
  8035 | D:7      | Found Zease Boot's Food Boutique.
  8036 | D:7      | Noticed Harold
  8041 | D:7      | Found Ujiy's Book Shop.
  8044 | D:7      | Noticed a hippogriff
  8056 | D:7      | Killed a hippogriff
  8056 | D:7      | Reached skill level 1 in Translocations
  8173 | D:7      | Noticed a hippogriff
  8360 | D:7      | Killed a hippogriff
  8360 | D:7      | Reached XP level 9. HP: 44/64 MP: 10/19
  8535 | D:7      | Found Kehyiv's Gadget Shop.
  9099 | D:6      | Killed Harold
  9296 | D:7      | Reached skill level 5 in Armour
  9320 | D:7      | Reached skill level 8 in Conjurations
  9441 | D:7      | Found Toucuf's Book Shop.
  9659 | D:7      | Found a staircase to the Ecumenical Temple.
 10272 | D:8      | Noticed a two-headed ogre
 10514 | D:6      | Slain by a two-headed ogre

Skill      XL: |  1  2  3  4  5  6  7  8  9 |
---------------+----------------------------+-----
Spellcasting   | 2 3 4 |  4.4
Fighting       | 1 |  1.3
Conjurations   | 4 5 6 7 8 |  8.1
Hexes          | 2 3 4 5 6 |  6.0
Dodging        | 2 3 |  3.3
Armour         | 3 5 |  5.6
Translocations | 2 3 |  3.8
Stealth        | |  1.7

Action                   |  1- 3 |  4- 6 |  7- 9 || total
-------------------------+-------+-------+-------++-------
Melee: Unarmed           |    12 |       |       ||    12
       Dagger            |    52 |   100 |    75 ||   227
       Mace              |    15 |       |       ||    15
       Short sword       |    52 |       |       ||    52
       Quarterstaff      |     1 |       |       ||     1
       Spear             |       |       |    57 ||    57
Throw: Throwing net      |       |       |     4 ||     4
 Cast: Magic Dart        |    22 |    10 |    23 ||    55
       Searing Ray       |    10 |    17 |    58 ||    85
       Dazzling Spray    |     3 |     5 |    33 ||    41
       Fulminant Prism   |       |     1 |    15 ||    16
       Force Lance       |       |       |    16 ||    16
Evoke: Wand              |       |       |     5 ||     5
  Use: Scroll            |     6 |       |     6 ||    12
       Potion            |       |       |     7 ||     7
 Stab: Sleeping          |     4 |     2 |     2 ||     8
       Invisible         |       |     3 |       ||     3
       Held in net/web   |       |       |     2 ||     2
  Eat: Chunk             |     6 |     5 |    19 ||    30
       Ration            |       |       |     3 ||     3
Armor: Robe              |    19 |    21 |    36 ||    76
       Scale mail        |       |       |    10 ||    10
Dodge: Dodged            |    90 |    52 |   180 ||   322
